SKY
LOS ANGELES DODGERS @ VIRGINIA BLACK BEARS
06/16/2052
 
TOP OF THE 1ST
Los Angeles Dodgers batting - Pitching for Virginia Black Bears : RHP Yonelvy Herrera
Pitching: RHP Yonelvy Herrera
Batting: RHB Noah Summerville 0-0: Ball
1-0: Ball
2-0: Ball
3-0: Base on Balls
Batting: LHB Trent Veasey 0-0: Ball
1-0: Ball
2-0: Hit by Pitch
Noah Summerville to second
Batting: RHB Storm Ellis 0-0: Ball
1-0: Ball
2-0: Ball
3-0: Called Strike
3-1: Base on Balls
Noah Summerville to third
Trent Veasey to second
Batting: LHB Kerry Pietrzak 0-0: Foul Ball, location: 2F
0-1: Ball
1-1: Ball
2-1: Ball
3-1: Fielders Choice at 2nd, 5-4 (Groundball, 56S, EV 77.5 MPH)
Noah Summerville scores
Trent Veasey to third
Batting: RHB Isaac Joseph 0-0: Called Strike
0-1: Ball
1-1: Ball
2-1: 3-RUN HOME RUN (Flyball, 7D, EV 92.5 MPH), Distance : 356 ft
Batting: RHB Everson Alberto 0-0: Ball
1-0: Ball
2-0: Ball
3-0: Base on Balls
Batting: LHB Andrew Sibold 0-0: Fly out, F3 (Popup, 23F, EV 77.5 MPH)
Batting: SHB Kevin Tanaka 0-0: Ball
1-0: Ball
2-0: Foul Ball, location: 2F
2-1: Ball
3-1: Called Strike
3-2: DOUBLE (Line Drive, 9LM, EV 106.3 MPH)
Everson Alberto to third
Everson Alberto scores
Batting: RHB Christian LeTourneau 0-0: Foul Ball, location: 2F
0-1: Ground out 6-3 (Groundball, 6MD, EV 102.5 MPH)
Top of the 1st over - 5 runs, 2 hits, 0 errors, 1 left on base; Los Angeles 5 - Virginia 0
BOTTOM OF THE 1ST
Virginia Black Bears batting - Pitching for Los Angeles Dodgers : RHP Christopher James
Pitching: RHP Christopher James
Batting: RHB Vic Berumen 0-0: Ball
1-0: Ball
2-0: Called Strike
2-1: Foul Ball, location: 9LSF
2-2: Foul Ball, location: 3F
2-2: Ground out U3 (Groundball, 34S, EV 90.6 MPH)
Batting: RHB Rodd Marshall 0-0: Ball
1-0: Called Strike
1-1: Ball
2-1: Called Strike
2-2: Foul Ball, location: 9LSF
2-2: Ball
3-2: Foul Ball, location: 2F
3-2: Ground out 6-3 (Groundball, 6M, EV 80.6 MPH)
Batting: LHB Reuben Brellana 0-0: Called Strike
0-1: Called Strike
0-2: Ball
1-2: Ball
2-2: Foul Ball, location: 5FF
2-2: Fly out, F5 (Popup, 25F, EV 76.9 MPH)
Bottom of the 1st over - 0 runs, 0 hits, 0 errors, 0 left on base; Los Angeles 5 - Virginia 0
TOP OF THE 2ND
Los Angeles Dodgers batting - Pitching for Virginia Black Bears : RHP Yonelvy Herrera
Batting: RHB Noah Summerville 0-0: Ground out 6-3 (Groundball, 6, EV 91.9 MPH)
Batting: LHB Trent Veasey 0-0: Called Strike
0-1: Swinging Strike
0-2: Ball
1-2: Foul Ball, location: 9LSFF
1-2: Ground out 1-3 (Groundball, 34S, EV 69.4 MPH)
Batting: RHB Storm Ellis 0-0: Called Strike
0-1: Ball
1-1: Ball
2-1: Ball
3-1: Called Strike
3-2: SINGLE (Line Drive, 4MD, EV 100.6 MPH)
Batting: LHB Kerry Pietrzak 0-0: Ball
1-0: Ball
2-0: Foul Ball, location: 2F
2-1: Foul Ball, location: 7LMF
2-2: Strikes out swinging
Top of the 2nd over - 0 runs, 1 hit, 0 errors, 1 left on base; Los Angeles 5 - Virginia 0
BOTTOM OF THE 2ND
Virginia Black Bears batting - Pitching for Los Angeles Dodgers : RHP Christopher James
Batting: RHB Franklin Bailey 0-0: SINGLE (Groundball, 4MD, EV 104.4 MPH)
Batting: LHB Mike Fisher 0-0: Ball
1-0: Called Strike
1-1: Called Strike
1-2: Foul Ball, location: 3F
1-2: Foul Ball, location: 23FF
1-2: Ball
2-2: Foul Ball, location: 2F
2-2: Foul Ball, location: 7LSF
2-2: Ball
3-2: Strikes out swinging
Batting: RHB Peter McFadden 0-0: Grounds into double play, 2-6-3 (Groundball, 13S, EV 65.6 MPH)
Bottom of the 2nd over - 0 runs, 1 hit, 0 errors, 0 left on base; Los Angeles 5 - Virginia 0
TOP OF THE 3RD
Los Angeles Dodgers batting - Pitching for Virginia Black Bears : RHP Yonelvy Herrera
Batting: RHB Isaac Joseph 0-0: Called Strike
0-1: Ball
1-1: Foul Ball, location: 9LSF
1-2: Ground out U3 (Groundball, 3S, EV 68.1 MPH)
Batting: RHB Everson Alberto 0-0: Ball
1-0: Ball
2-0: SINGLE (Line Drive, 89M, EV 96.3 MPH)
Pitching: LHP Edwin De Soto
Batting: LHB Andrew Sibold 0-0: Called Strike
0-1: Ball
1-1: Called Strike
1-2: SINGLE (Line Drive, 8LS, EV 99.4 MPH)
Everson Alberto to second
Batting: SHB Kevin Tanaka 0-0: SINGLE (Groundball, 6MD, EV 95.0 MPH)
Everson Alberto to third
Andrew Sibold to second
Runner from 3rd tries for Home, SAFE, throw by CF to home
Batting: RHB Christian LeTourneau 0-0: Called Strike
0-1: Ball
1-1: Foul Ball, location: 2F
1-2: Ball
2-2: Strikes out swinging
Batting: RHB Noah Summerville 0-0: Ball
1-0: Ball
2-0: Called Strike
2-1: Ball
3-1: Base on Balls
Andrew Sibold to third
Kevin Tanaka to second
Batting: LHB Trent Veasey 0-0: Ball
Passed Ball!
Andrew Sibold scores
Kevin Tanaka to third
Noah Summerville to second
1-0: Foul Ball, location: 2F
1-1: Swinging Strike
1-2: Fly out, F8 (Flyball, 8RM, EV 91.9 MPH)
Top of the 3rd over - 2 runs, 3 hits, 0 errors, 2 left on base; Los Angeles 7 - Virginia 0
BOTTOM OF THE 3RD
Virginia Black Bears batting - Pitching for Los Angeles Dodgers : RHP Christopher James
Batting: LHB Jakob Nero 0-0: Ground out U3 (Groundball, 3L, EV 106.3 MPH)
Batting: RHB Celso Deida 0-0: Called Strike
0-1: Ball
1-1: DOUBLE (Line Drive, 7LM, EV 107.5 MPH)
Batting: RHB Steve Greco 0-0: Called Strike
0-1: Swinging Strike
0-2: Ball
1-2: Strikes out swinging
Batting: RHB Vic Berumen 0-0: Swinging Strike
0-1: Swinging Strike
0-2: Strikes out swinging
Bottom of the 3rd over - 0 runs, 1 hit, 0 errors, 1 left on base; Los Angeles 7 - Virginia 0
TOP OF THE 4TH
Los Angeles Dodgers batting - Pitching for Virginia Black Bears : LHP Edwin De Soto
Batting: RHB Storm Ellis 0-0: Foul Ball, location: 3F
0-1: Foul Ball, location: 9LSF
0-2: Ground out 3-1 (Groundball, 34, EV 103.1 MPH)
Batting: LHB Kerry Pietrzak 0-0: Foul Ball, location: 7LSF
0-1: Ball
1-1: Foul Ball, location: 3DF
1-2: Ball
2-2: Foul Ball, location: 2F
2-2: Strikes out swinging
Batting: RHB Isaac Joseph 0-0: Ball
1-0: Ball
2-0: Swinging Strike
2-1: Ground out 4-3 (Groundball, 4, EV 88.1 MPH)
Top of the 4th over - 0 runs, 0 hits, 0 errors, 0 left on base; Los Angeles 7 - Virginia 0
BOTTOM OF THE 4TH
Virginia Black Bears batting - Pitching for Los Angeles Dodgers : RHP Christopher James
Batting: RHB Rodd Marshall 0-0: Ground out 4-3 (Groundball, 4, EV 96.9 MPH)
Batting: LHB Reuben Brellana 0-0: Ball
1-0: Foul Ball, location: 2F
1-1: Ball
2-1: Swinging Strike
2-2: Ground out 6-3 (Groundball, 4, EV 96.9 MPH)
Batting: RHB Franklin Bailey 0-0: Ball
1-0: Ball
2-0: Ball
3-0: Called Strike
3-1: Foul Ball, location: 5F
3-2: Strikes out swinging
Bottom of the 4th over - 0 runs, 0 hits, 0 errors, 0 left on base; Los Angeles 7 - Virginia 0
TOP OF THE 5TH
Los Angeles Dodgers batting - Pitching for Virginia Black Bears : LHP Edwin De Soto
Batting: RHB Everson Alberto 0-0: Ball
1-0: Swinging Strike
1-1: Foul Ball, location: 25F
1-2: Ball
2-2: Ball
3-2: Foul Ball, location: 2LF
3-2: Base on Balls
Batting: LHB Andrew Sibold 0-0: Foul Ball, location: 2F
0-1: Ball
1-1: Ball
2-1: Swinging Strike
2-2: Fielders Choice at 2nd, 5-4 (Groundball, 56, EV 103.1 MPH)
Batting: SHB Kevin Tanaka 0-0: Ball
1-0: SINGLE (Line Drive, 56D, EV 103.8 MPH)
Andrew Sibold to second
Batting: RHB Christian LeTourneau 0-0: SINGLE (Groundball, 6MD, EV 88.8 MPH)
Andrew Sibold to third
Kevin Tanaka to second
Runner from 3rd tries for Home, SAFE, throw by CF to home
Batting: RHB Noah Summerville 0-0: Ball
1-0: Foul Ball, location: 5DF
1-1: Foul Ball, location: 5F
1-2: Grounds into double play, 6-4-3 (Groundball, 6S, EV 80.0 MPH)
Top of the 5th over - 1 run, 2 hits, 0 errors, 1 left on base; Los Angeles 8 - Virginia 0
BOTTOM OF THE 5TH
Virginia Black Bears batting - Pitching for Los Angeles Dodgers : RHP Christopher James
Batting: LHB Mike Fisher 0-0: Called Strike
0-1: Ball
1-1: Foul Ball, location: 3F
1-2: SOLO HOME RUN (Flyball, 78XD, EV 100.6 MPH), Distance : 392 ft
Batting: RHB Peter McFadden 0-0: Ball
1-0: Called Strike
1-1: Ball
2-1: Swinging Strike
2-2: Ball
3-2: Fly out, F8 (Flyball, 8RM, EV 85.6 MPH)
Batting: LHB Jakob Nero 0-0: Fly out, F8 (Flyball, 89S, EV 76.3 MPH)
Batting: RHB Celso Deida 0-0: Called Strike
0-1: Swinging Strike
0-2: Ball
1-2: Ball
2-2: Fly out, F7 (Flyball, 78S, EV 84.4 MPH)
Bottom of the 5th over - 1 run, 1 hit, 0 errors, 0 left on base; Los Angeles 8 - Virginia 1
TOP OF THE 6TH
Los Angeles Dodgers batting - Pitching for Virginia Black Bears : LHP Edwin De Soto
Batting: LHB Trent Veasey 0-0: Called Strike
0-1: Swinging Strike
0-2: Strikes out swinging
Batting: RHB Storm Ellis 0-0: Foul Ball, location: 23F
0-1: Foul Ball, location: 9LMF
0-2: Foul Ball, location: 7LSF
0-2: Fly out, F7 (Flyball, 78S, EV 79.4 MPH)
Batting: LHB Kerry Pietrzak 0-0: Ball
1-0: Foul Ball, location: 5DF
1-1: Fly out, F8 (Flyball, 8LXD, EV 92.5 MPH)
Top of the 6th over - 0 runs, 0 hits, 0 errors, 0 left on base; Los Angeles 8 - Virginia 1
BOTTOM OF THE 6TH
Virginia Black Bears batting - Pitching for Los Angeles Dodgers : RHP Christopher James
Batting: RHB Steve Greco 0-0: Called Strike
0-1: Ball
1-1: Ground out 5-3 (Groundball, 56, EV 105.0 MPH)
Batting: RHB Vic Berumen 0-0: Ground out 5-3 (Groundball, 5S, EV 71.3 MPH)
Batting: RHB Rodd Marshall 0-0: Ball
1-0: Foul Ball, location: 7LSFF
1-1: Ball
2-1: Fly out, F8 (Flyball, 8RD, EV 105.6 MPH)
Bottom of the 6th over - 0 runs, 0 hits, 0 errors, 0 left on base; Los Angeles 8 - Virginia 1
TOP OF THE 7TH
Los Angeles Dodgers batting - Pitching for Virginia Black Bears : LHP Edwin De Soto
Batting: RHB Isaac Joseph 0-0: Ball
1-0: Swinging Strike
1-1: Ball
2-1: Foul Ball, location: 7LMF
2-2: Foul Ball, location: 9LSF
2-2: Ball
3-2: SINGLE (Line Drive, 9LM, EV 95.0 MPH)
Batting: RHB Everson Alberto 0-0: Called Strike
0-1: Foul Ball, location: 2F
0-2: Ball
1-2: Ball
2-2: Foul Ball, location: 9LMF
2-2: SINGLE (Line Drive, 7LS, EV 101.9 MPH)
Isaac Joseph to second
Batting: LHB Andrew Sibold 0-0: Ball
1-0: Ball
2-0: Foul Ball, location: 25F
2-1: Single, Error in OF, E8, batter to second base (Line Drive, 8LS, EV 89.4 MPH)
Isaac Joseph scores
Everson Alberto to third
Batting: SHB Kevin Tanaka 0-0: Called Strike
0-1: Ball
1-1: Ground out U3 (Groundball, 3S, EV 83.8 MPH)
Batting: RHB Christian LeTourneau 0-0: Ball
1-0: Ball
2-0: Called Strike
2-1: Ball
3-1: Called Strike
3-2: Foul Ball, location: 23FF
3-2: Foul Ball, location: 5FF
3-2: SINGLE (Line Drive, 9LS, EV 95.0 MPH)
Everson Alberto scores
Andrew Sibold to third
Batting: RHB Noah Summerville 0-0: Called Strike
0-1: SINGLE (Line Drive, 78S, EV 106.3 MPH)
Andrew Sibold scores
Christian LeTourneau to second
Batting: LHB Trent Veasey 0-0: Ball
1-0: Ball
2-0: Ball
3-0: Called Strike
3-1: Swinging Strike
3-2: SINGLE (Groundball, 4D, EV 97.5 MPH)
Christian LeTourneau to third
Noah Summerville to second
Runner from 3rd tries for Home, SAFE, throw by CF to home
Batting: RHB Storm Ellis 0-0: Ball
1-0: Swinging Strike
1-1: Called Strike
1-2: Foul Ball, location: 2F
1-2: Strikes out swinging
Pitching: RHP Tommy Pine
Batting: LHB Kerry Pietrzak 0-0: Ball
1-0: Ball
2-0: Swinging Strike
2-1: Called Strike
2-2: Foul Ball, location: 7LMF
2-2: Foul Ball, location: 3F
2-2: Ball
3-2: Base on Balls
Noah Summerville to third
Trent Veasey to second
Batting: RHB Isaac Joseph 0-0: Ball
1-0: Called Strike
1-1: Foul Ball, location: 7LMF
1-2: Ball
2-2: Ground out 4-3 (Groundball, 4, EV 100.6 MPH)
Top of the 7th over - 4 runs, 6 hits, 1 error, 3 left on base; Los Angeles 12 - Virginia 1
BOTTOM OF THE 7TH
Virginia Black Bears batting - Pitching for Los Angeles Dodgers : RHP Christopher James
Batting: LHB Reuben Brellana 0-0: Swinging Strike
0-1: Foul Ball, location: 9LSFF
0-2: Ball
1-2: Ball
2-2: Strikes out swinging
Batting: RHB Franklin Bailey 0-0: Ball
1-0: Ground out 2-3 (Groundball, 2L, EV 70.6 MPH)
Batting: LHB Mike Fisher 0-0: Swinging Strike
0-1: Ball
1-1: Called Strike
1-2: Ball
2-2: Foul Ball, location: 2F
2-2: SINGLE (Flyball, 3D, EV 97.5 MPH)
Pitching: LHP Markel Saud
Batting: RHB Peter McFadden 0-0: Called Strike
0-1: Ball
1-1: Ball
2-1: Foul Ball, location: 25F
2-2: Ball
3-2: Foul Ball, location: 9LDF
3-2: Strikes out swinging
Bottom of the 7th over - 0 runs, 1 hit, 0 errors, 1 left on base; Los Angeles 12 - Virginia 1
TOP OF THE 8TH
Los Angeles Dodgers batting - Pitching for Virginia Black Bears : RHP Tommy Pine
Batting: RHB Everson Alberto 0-0: Ball
1-0: Ball
2-0: Ball
3-0: Called Strike
3-1: Base on Balls
Batting: LHB Andrew Sibold 0-0: Ball
1-0: Ball
2-0: Called Strike
2-1: Called Strike
2-2: Ball
3-2: Base on Balls
Everson Alberto to second
Batting: SHB Kevin Tanaka 0-0: Called Strike
0-1: SINGLE (Groundball, 4M, EV 90.6 MPH)
Everson Alberto to third
Andrew Sibold to second
Pinch Hitting: SHB Logan Begin 0-0: SINGLE (Line Drive, 8LS, EV 106.3 MPH)
Everson Alberto scores
Andrew Sibold to third
Kevin Tanaka to second
Runner from 3rd tries for Home, SAFE, throw by CF to home
Batting: RHB Noah Summerville 0-0: Swinging Strike
0-1: Called Strike
0-2: Fly out, F9 (Flyball, 9S, EV 95.0 MPH)
Batting: LHB Trent Veasey 0-0: Ball
1-0: Called Strike
1-1: SINGLE (Groundball, 6MD, EV 98.8 MPH)
Kevin Tanaka to third
Logan Begin to second
Throwing error, E8
Kevin Tanaka scores
Logan Begin to third
Trent Veasey to second
Batting: RHB Storm Ellis 0-0: Called Strike
0-1: Called Strike
0-2: DOUBLE (Line Drive, 89M, EV 104.4 MPH)
Logan Begin scores
Trent Veasey scores
Pitching: RHP Dale Bowyer
Batting: LHB Kerry Pietrzak 0-0: Ball
1-0: Ball
2-0: Ball
3-0: Called Strike
3-1: Base on Balls
Batting: RHB Isaac Joseph 0-0: Foul Ball, location: 2F
0-1: Swinging Strike
0-2: Strikes out swinging
Batting: RHB Everson Alberto 0-0: Fly out, F8 (Flyball, 8RS, EV 87.5 MPH)
Top of the 8th over - 5 runs, 4 hits, 1 error, 2 left on base; Los Angeles 17 - Virginia 1
BOTTOM OF THE 8TH
Virginia Black Bears batting - Pitching for Los Angeles Dodgers : LHP Markel Saud
Now at SS: Logan Begin
Pinch Hitting: RHB José Rosendin 0-0: Ball
1-0: Ball
2-0: Ball
3-0: Base on Balls
Batting: RHB Celso Deida 0-0: TRIPLE (Line Drive, 9D, EV 110.6 MPH)
José Rosendin scores
Batting: RHB Steve Greco 0-0: Ball
1-0: Called Strike
1-1: Foul Ball, location: 2F
1-2: Ball
2-2: Fly out, F9 (Flyball, 9D, EV 109.4 MPH)
Runner from 3rd tags up, SCORES, no throw by RF
Batting: RHB Vic Berumen 0-0: Called Strike
0-1: Called Strike
0-2: Ball
1-2: Strikes out looking
Batting: RHB Rodd Marshall 0-0: Ball
1-0: Ground out 6-3 (Groundball, 6M, EV 87.5 MPH)
Bottom of the 8th over - 2 runs, 1 hit, 0 errors, 0 left on base; Los Angeles 17 - Virginia 3
TOP OF THE 9TH
Los Angeles Dodgers batting - Pitching for Virginia Black Bears : RHP Dale Bowyer
Now at SS: Celso Deida
Now in CF: José Rosendin
Batting: LHB Andrew Sibold 0-0: Ball
1-0: Called Strike
1-1: Foul Ball, location: 2F
1-2: SINGLE (Groundball, 34D, EV 108.8 MPH)
Batting: SHB Kevin Tanaka 0-0: Called Strike
0-1: Foul Ball, location: 7LSF
0-2: Fly out, F9 (Line Drive, 89D, EV 88.8 MPH)
Batting: SHB Logan Begin 0-0: Called Strike
0-1: SINGLE (Flyball, 8RS, EV 88.1 MPH)
Andrew Sibold to second
Batting: RHB Noah Summerville 0-0: Ball
1-0: Called Strike
1-1: Ball
2-1: Fly out, F5 (Line Drive, 5, EV 70.0 MPH)
Batting: LHB Trent Veasey 0-0: Foul Ball, location: 9LMFF
0-1: Called Strike
0-2: Ball
1-2: Foul Ball, location: 2F
1-2: Ball
2-2: Foul Ball, location: 25F
2-2: Fly out, F6 (Popup, 6M, EV 55.0 MPH)
Top of the 9th over - 0 runs, 2 hits, 0 errors, 2 left on base; Los Angeles 17 - Virginia 3
BOTTOM OF THE 9TH
Virginia Black Bears batting - Pitching for Los Angeles Dodgers : LHP Markel Saud
Batting: LHB Reuben Brellana 0-0: Called Strike
0-1: DOUBLE (Flyball, 8LXD, EV 99.4 MPH)
Batting: RHB Franklin Bailey 0-0: Ball
1-0: Foul Ball, location: 5FF
1-1: Ball
2-1: Called Strike
2-2: Strikes out swinging
Pinch Hitting: RHB Jay Maier 0-0: Ball
1-0: Foul Ball, location: 5FF
1-1: Foul Ball, location: 5FF
1-2: Strikes out swinging
Batting: RHB Peter McFadden 0-0: Foul Ball, location: 9LDF
0-1: Ball
1-1: Ball
2-1: Foul Ball, location: 23F
2-2: Foul Ball, location: 9LSF
2-2: Foul Ball, location: 2RF
2-2: Foul Ball, location: 23FF
2-2: Foul Ball, location: 5DF
2-2: Fly out, F2 (Popup, 23F, EV 79.4 MPH)
Bottom of the 9th over - 0 runs, 1 hit, 0 errors, 1 left on base; Los Angeles 17 - Virginia 3
Thursday, April 25th , 2024 - OOTP Baseball 24.11 Build 85